 Dungeon Crawl Stone Soup version 0.24.0-13-gcf9b3192b9 (webtiles) character file.

Game seed: 1725199084357266159, levelgen mode: deterministic

9 Alabard the Caller (level 2, 0/19 HPs)
             Began as a Barachi Summoner on Nov 9, 2019.
             Slain by a goblin (1 damage)
             ... on level 1 of the Dungeon.
             The game lasted 00:03:28 (310 turns).

Alabard the Caller (Barachi Summoner)                Turns: 310, Time: 00:03:28

Health: 0/19       AC:  2    Str:  9    XL:     2   Next: 16%
Magic:  1/5        EV: 12    Int: 15    God:
Gold:   20         SH:  0    Dex: 12    Spells: 4/5 levels left

rFire    . . .     SeeInvis .   b - +0 club
rCold    . . .     Gourm    .   (no shield)
rNeg     . . .     Faith    .   a - +0 robe
rPois    .         Spirit   .   (no helmet)
rElec    .         Reflect  .   (no cloak)
rCorr    .         Harm     .   (no gloves)
MR       .....                  (no boots)
Stlth    ++........             (no amulet)
HPRegen  0.06/turn              (no ring)
MPRegen  0.09/turn              (no ring)

@: slow
A: +LOS, swims, slowness 1, strong legs 1
a: Hop


You were on level 1 of the Dungeon.
You were not hungry.

You visited 1 branch of the dungeon, and saw 1 of its levels.

You collected 20 gold pieces.

Inventory:

Hand Weapons
 b - a +0 club (weapon)
Armour
 a - a +0 robe (worn)
Jewellery
 d - an uncursed ring of flight {unknown}
Scrolls
 e - a scroll of magic mapping {unknown}
Comestibles
 c - 2 rations


   Skills:
 + Level 2.1 Dodging
 + Level 1.8 Stealth
 + Level 2.2 Spellcasting
 + Level 5.3 Summonings


You had 4 spell levels left.
You knew the following spells:

 Your Spells              Type           Power        Failure   Level  Hunger
a - Summon Small Mammal   Summ           ###.         2%          1    #......

Your spell library contained the following spells:

 Spells                   Type           Power        Failure   Level  Hunger
 Call Imp                 Summ           ###.....     3%          2    ###....
 Call Canine Familiar     Summ           ###.....     7%          3    ###....
 Summon Guardian Golem    Hex/Summ       #.......     22%         3    ###....
 Summon Ice Beast         Ice/Summ       #.......     56%         4    #####..
 Summon Lightning Spire   Summ/Air       #.......     56%         4    #####..


Dungeon Overview and Level Annotations

Branches:
Dungeon (1/15)

Altars:


Innate Abilities, Weirdness & Mutations

Shadows flee at your approach. (+LOS)
You can swim through water.
You cover ground slowly.
You can hop short distances.


Message History

The frilled lizard bites you.
* * * LOW HITPOINT WARNING * * *
The goblin hits you.
* * * LOW HITPOINT WARNING * * *
You hit the goblin.
The goblin is moderately wounded.
The bat closely misses you. The bat hits you but does no damage.
Your quokka bites the bat.
The hobgoblin hits you but does no damage.
Your quokka barely misses the bat.
The frilled lizard misses you. The goblin barely misses you.
The bat barely misses you.
Casting: Summon Small Mammal (safe; 2% risk of failure)
Confirm with . or Enter, or press ? or * to list all spells.
The bat hits you but does no damage.
Your quokka barely misses the bat.
The hobgoblin hits you.
* * * LOW HITPOINT WARNING * * *
The frilled lizard bites you.
* * * LOW HITPOINT WARNING * * *
The goblin hits you.
You die...

........b..# ####....(.##
##(.##..####....
#......(.....#
#...)#.#####.#
###......#####.
#....r†(.........
#.#.#gl########## #...#g@#
#.. #.b# #.. #r.# #####
#..##..# #... #..##..#
##.######...
#..##..#####...........
####
#####.............########.
##... .......#..####...#
....######....#.......#>#


You could see a hobgoblin, a goblin, a bat, a frilled lizard, a friendly quokka
and a friendly rat.

Vanquished Creatures
  A rat (D:1)
1 creature vanquished.

Vanquished Creatures (collateral kills)
  2 giant cockroaches (D:1)
  2 goblins (D:1)
  A hobgoblin (D:1)
  A bat (D:1)
  3 frilled lizards (D:1)
  2 rats (D:1)
11 creatures vanquished.

Grand Total: 12 creatures vanquished

Notes
Turn   | Place    | Note
-------+----------+-------------------------------------------
     0 | D:1      | Alabard the Barachi Summoner began the quest for the Orb.
     0 | D:1      | Reached XP level 1. HP: 13/13 MP: 3/3
    36 | D:1      | Reached skill level 5 in Summonings
   279 | D:1      | Reached XP level 2. HP: 16/19 MP: 3/5
   310 | D:1      | Slain by a goblin

Levels and vault maps discovered:
D:1:      lightli_arrival_noodles, layout_loops_ring, minmay_tromino_v4_a

Skill      XL: |  1 |
---------------+----+-----
Summonings     | 5 |  5.3
Dodging        | |  2.1
Stealth        | |  1.8
Spellcasting   | |  2.2

Action                   || total
-------------------------++-------
Melee: Unarmed           ||     7
       Club              ||     9
 Cast: Summon Small Mamm ||    14
 Abil: Hop               ||     1
Armor: Robe              ||    17
Dodge: Dodged            ||    40
